 Dungeon Crawl Stone Soup version 0.27.0-1-g7a089689b8 (webtiles) character file.

Game seed: 11594653565427812946

170 gimp the Magician (level 5, -2/42 HPs)
             Began as a Mummy Warper on Aug 10, 2021.
             Killed from afar by Natasha (3 damage)
             ... with a magic dart
             ... on level 3 of the Dungeon.
             The game lasted 00:05:34 (3514 turns).

gimp the Magician (Mummy Warper)                    Turns: 3514, Time: 00:05:35

Health: -2/42      AC:  3    Str: 21    XL:     5   Next: 25%
Magic:  10/10      EV: 11    Int: 12    God:
Gold:   118        SH:  0    Dex: 12    Spells: 11/11 levels left

rFire    . . .     SeeInvis .   a - +0 spear
rCold    + . .     Faith    .   (no shield)
rNeg     + + +     Spirit   .   b - +0 leather armour
rPois    ∞         Reflect  .   (no helmet)
rElec    .         Harm     .   (no cloak)
rCorr    .         Rampage  .   (no gloves)
Will     .....                  (no boots)
Stlth    +.........             (no amulet)
HPRegen  0.14/turn              g - ring of protection from fire
MPRegen  0.12/turn              m - +6 ring of strength

@: no status effects
A: cold resistance 1, negative energy resistance 3, torment resistance 2, heat
vulnerability 1, no potions
a: no special abilities


You were on level 3 of the Dungeon.
You visited 1 branch of the dungeon, and saw 4 of its levels.

You collected 118 gold pieces.

Inventory:

Hand Weapons
 a - a +0 spear (weapon)
 o - a +0 hand crossbow
Missiles
 e - 13 poisoned darts (quivered)
 p - 10 bolts
Armour
 b - a +0 leather armour (worn)
Magical Staves
 l - a staff of earth
Jewellery
 g - a ring of protection from fire (left hand)
 m - a +6 ring of strength (right hand)
Scrolls
 f - a scroll of fear {unknown}
 h - a scroll of identify {unknown}
 j - 2 scrolls of magic mapping {unknown}
 k - 2 scrolls of teleportation {unknown}
 n - a scroll of holy word {unknown}


   Skills:
 * Level 3.8 Fighting
 * Level 3.1 Polearms
 - Level 0.7 Throwing
 - Level 0.7 Armour
 - Level 1.5 Dodging
 + Level 3.8 Spellcasting
 - Level 2.4 Translocations


You had 11 spell levels left.
You didn't know any spells.
Your spell library contained the following spells:

 Spells                   Type           Power      Damage    Failure   Level
 Apportation              Tloc           16%        N/A       10%         1
 Blink                    Tloc           N/A        N/A       14%         2
 Gell's Gravitas          Tloc           4%         N/A       28%         3
 Lesser Beckoning         Tloc           4%         N/A       28%         3
 Teleport Other           Tloc           8%         N/A       28%         3
 Manifold Assault         Tloc           8%         N/A       95%         5


Dungeon Overview and Level Annotations

Branches:
Dungeon (4/15)
 Temple: D:4-7

Altars:
Dithmenos
Vehumet

Shops:
D:2 :

Annotations:
D:3 Natasha


Innate Abilities, Weirdness & Mutations

You are immune to poison.
Your flesh is cold resistant. (rC+)
You are immune to negative energy. (rN+++)
You are immune to unholy pain and torment.
You are vulnerable to heat. (rF-)
You do not drink.


Message History

Aim: an iguana (moderately wounded, 61% to hit)
You throw a boomerang of dispersal.
The boomerang of dispersal hits the iguana.
The iguana blinks!
The iguana is heavily wounded.
There is a stone staircase leading up here.
You climb upwards.
Level annotation: Natasha
There is a stone staircase leading down here.
You see here a +0 dagger of protection.
Natasha is nearby!
You regained 2 hp, and now have 12/42 hp.
Natasha mumbles some strange words.
Natasha stares at you and mumbles some strange words.
You resist with some effort.
There is a stone staircase leading up here.
You hit Natasha.
Natasha is moderately wounded.
Natasha claws you.
* * * LOW HITPOINT WARNING * * *
You take 5 damage, and have 10/42 hp.
You can't drink.
Unknown command.
Throw: boomerang (disperse)
Press: ? - help, Q - select action, (/) - cycle Shift-Dir - straight line, f - Natasha
Aim: Natasha (moderately wounded, 50% to hit)
You throw a boomerang of dispersal.
The boomerang of dispersal hits Natasha but does no damage.
Natasha is moderately wounded.
Natasha claws you!
* * * LOW HITPOINT WARNING * * *
You take 9 damage, and have 1/42 hp.
MASSIVE DAMAGE!!
Unknown command.
Unknown command.
Blink to where?
Press: ? - help, Dir - move target
As you read the scroll of blinking, it crumbles to dust.
Natasha casts a spell at you. The magic dart hits you.
You die...

.#.#. #.#..............#
......#.##..###.#..#.#.#
.#.#....##..###...##.#.###
...................#...###
.#....###........#........
....#..###..##............
.#...............#........
#......................
.#.....@##...#...#######
............!........###
.#......##....♣♣♣♣♣♣.##.
.............♣♣ ♣..).
.#.....h.###.♣♣ ♣.##.
#......## #..♣ ♣♣.[#.
#.....§# #..♣♣♣♣♣...#!
######## ##.........##
###########


You could see Natasha.

Vanquished Creatures
  A hound (D:4)
  A bullfrog skeleton (D:3)
  5 adders
  3 dart slugs
  4 orcs (D:3)
  2 endoplasms
  4 giant cockroaches
  5 goblins
  6 hobgoblins
  4 jackals (D:1)
  7 kobolds
  A quokka (D:1)
  5 ball pythons
  3 bats
  4 frilled lizards
  3 rats
58 creatures vanquished.

Vanquished Creatures (others)
  2 withered plants (D:4)
2 creatures vanquished.

Grand Total: 60 creatures vanquished

Notes
Turn   | Place    | Note
-------+----------+-------------------------------------------
     0 | D:1      | gimp the Mummy Warper began the quest for the Orb.
     0 | D:1      | Reached XP level 1. HP: 16/16 MP: 4/4
   106 | D:1      | Found a faded altar of an unknown god.
   111 | D:1      | Got Plato's Tome of the Voyage
   357 | D:1      | Reached XP level 2. HP: 23/23 MP: 5/5
  1067 | D:2      | Reached XP level 3. HP: 25/28 MP: 7/7
  1590 | D:2      | Found Vuekegh's Book Shoppe.
  2202 | D:2      | Found a shadowy altar of Dithmenos.
  2226 | D:2      | Reached XP level 4. HP: 32/35 MP: 9/9
  3136 | D:3      | Noticed Natasha
  3197 | D:4      | Reached XP level 5. HP: 23/42 MP: 10/10
  3397 | D:4      | Found a radiant altar of Vehumet.
  3512 | D:3      | HP: 1/42 [Natasha (9)]
  3514 | D:3      | Killed from afar by Natasha

Illustrated notes

Levels and vault maps discovered:
D:1:      minmay_arrival_four_houses, layout_basic,
          shapermc_ecumenical_altar_rom_forum
D:2:      layout_loops_corners, serial_shops, shop, basic_altar
D:3:      layout_rooms, gammafunk_temple_overflow_statue, serial_shops,
          nicolae_shop_stone, chequers_serial_rivers_small_3,
          grunt_ministairs_12, chequers_serial_rivers_micro_d,
          hangedman_decor_riveting, grunt_decor_one_mirror, nrook_campfire,
          corexii_shack, uniq_natasha
D:4:      gammafunk_wand_slinger, layout_rooms, kiku_gazebo_garden_becter,
          lemuel_crystal_altar

Skill      XL: |  1  2  3  4 |
---------------+-------------+-----
Polearms       | 2 3 |  3.1
Spellcasting   | 3 |  3.8
Fighting       | 3 |  3.8
Throwing       | |  0.7
Armour         | |  0.7
Dodging        | |  1.5
Translocations | |  2.4

Action                   |  1- 3 |  4- 6 || total
-------------------------+-------+-------++-------
Melee: Spear             |   178 |   111 ||   289
Throw: Boomerang         |       |     5 ||     5
  Use: Scroll            |       |     1 ||     1
Armor: Leather armour    |    42 |    30 ||    72
Dodge: Dodged            |    92 |    50 ||   142
